 Dungeon Crawl Stone Soup version 0.28-a0-630-g0357d9c091 (webtiles) character file.

Game seed: 1969504848797964639

25 Conn the Firebug (level 3, -6/21 HPs)
             Began as an Octopode Fire Elementalist on Oct 9, 2021.
             Mangled by a gnoll (7 damage)
             ... on level 2 of the Dungeon.
             The game lasted 00:02:14 (1156 turns).

Conn the Firebug (Octopode Fire Elementalist)       Turns: 1156, Time: 00:02:15

Health: -6/21      AC:  1    Str:  7    XL:     3   Next: 6%
Magic:  1/6        EV: 13    Int: 18    God:
Gold:   118        SH:  0    Dex: 12    Spells: 5/6 levels left

rFire   . . .      SeeInvis .   c - +0 short sword
rCold   . . .      Faith    .   (no shield)
rNeg    . . .      Spirit   .   (helmet restricted)
rPois   .          Reflect  .   (no amulet)
rElec   .          Harm     .   (no ring)
rCorr   .          Rampage  .   (no ring)
Will    .....                   (no ring)
Stlth   +++.......              (no ring)
HPRegen 0.07/turn               (no ring)
MPRegen 0.10/turn               (no ring)
                                (no ring)
                                (no ring)

@: brilliant
A: almost no armour, amphibious, 8 rings, camouflage 1, gelatinous body 1,
(nimble swimmer 1), tentacles
a: no special abilities


You were on level 2 of the Dungeon.
You visited 1 branch of the dungeon, and saw 2 of its levels.

You collected 118 gold pieces.

Inventory:

Hand Weapons
 c - a +0 short sword (weapon)
Scrolls
 a - a scroll of identify {unknown}
 b - a scroll of enchant weapon {unknown}
 e - a scroll of blinking {unknown}


   Skills:
 + Level 2.1 Dodging
 + Level 3.0 Stealth
 + Level 2.2 Spellcasting
 + Level 1.1 Conjurations
 + Level 3.7 Fire Magic


You had 5 spell levels left.
You knew the following spells:

 Your Spells              Type           Power      Damage    Failure   Level
a - Foxfire               Conj/Fire      64%        2x1d7     6%          1

Your spell library contained the following spells:

 Spells                   Type           Power      Damage    Failure   Level
 Scorch                   Fire           46%        2d7       6%          2
 Conjure Flame            Conj/Fire      16%        6-21      19%         3
 Inner Flame              Hex/Fire       13%        N/A       24%         3
 Flame Wave               Conj/Fire      16%        3d5       54%         4


Dungeon Overview and Level Annotations

Branches:
Dungeon (2/15)

Altars:

Shops:
D:1 (


Innate Abilities, Weirdness & Mutations

You cannot wear most types of armour.
You are amphibious.
You can wear up to eight rings at the same time.
Your skin changes colour to match your surroundings (Stealth+).
Your rubbery body absorbs attacks. (AC +1, EV +1)
((You are camouflaged near water. (Stealth+)))
You have tentacles for arms and can constrict up to eight enemies at once.


Message History

Confirm with . or Enter, or press ? or * to list all spells.
You conjure some foxfire!
The foxfire hits the gnoll.
The gnoll is severely wounded.
The foxfire hits the gnoll.
The gnoll is almost dead.
Your foxfire dissipates!
Casting: Foxfire (safe; 7% risk of failure)
Confirm with . or Enter, or press ? or * to list all spells.
You conjure some foxfire!
Unknown command.
The foxfire hits the gnoll.
The gnoll is moderately wounded.
The foxfire hits the gnoll.
The gnoll is heavily wounded.
Unknown command.
A gnoll comes into view. It is wielding a +0 club.
The goblin shouts!
The goblin closely misses you.
It was a potion of curing.
You feel better.
The gnoll hits you from afar with a +0 spear.
The goblin completely misses you.
Casting: Foxfire (safe; 7% risk of failure)
Confirm with . or Enter, or press ? or * to list all spells.
You conjure some foxfire!
The gnoll barely misses you. The goblin hits you with a +0 dagger.
Unknown command.
It was a potion of brilliance.
You feel clever all of a sudden.
The foxfire hits the goblin.
You kill the goblin!
The foxfire hits the ball python.
You kill the ball python!
The gnoll hits you from afar with a +0 spear.
Casting: Foxfire (safe; 6% risk of failure)
Confirm with . or Enter, or press ? or * to list all spells.
You feel a surge of power!
You conjure some foxfire!
The gnoll hits you from afar with a +0 spear!
* * * LOW HITPOINT WARNING * * *
The gnoll hits you from afar with a +0 spear!
You die...

#........#.#####.######.
#........#.†.#.'......#
#........#.#####.#..#.#
###........#............#
..........#..#.####.<..#
##........##.#.#....#..#
+.......(.§....>......#
#........##.########.##.#.#.
#..[.....# .#)@.gg..........
# #........#
#vv.g.....#.#.#. #
#........##.########### # #
##............ #
##........... # #...........
# #†..........
#####...........
.....†..........


You could see 3 gnolls.

Vanquished Creatures
  4 ball pythons
  A giant cockroach (D:1)
  2 goblins (D:2)
  6 hobgoblins
  2 kobolds
  A quokka (D:1)
  A bat (D:2)
  7 rats (D:2)
24 creatures vanquished.

Vanquished Creatures (collateral kills)
  2 foxfires (D:2)
2 creatures vanquished.

Vanquished Creatures (others)
  61 foxfires
61 creatures vanquished.

Grand Total: 87 creatures vanquished

Notes
Turn   | Place    | Note
-------+----------+-------------------------------------------
     0 | D:1      | Conn the Octopode Fire Elementalist began the quest for the
                  | Orb.
     0 | D:1      | Reached XP level 1. HP: 11/11 MP: 3/3
    49 | D:1      | Found Aschool's Antique Weapon Shoppe.
   217 | D:1      | Found a faded altar of an unknown god.
   217 | D:1      | Noticed a ynoxinul
   391 | D:1      | Reached XP level 2. HP: 17/17 MP: 0/5
  1086 | D:2      | Reached XP level 3. HP: 21/21 MP: 1/6
  1156 | D:2      | HP: 1/21 [gnoll (7)]
  1156 | D:2      | Mangled by a gnoll

Illustrated notes

Levels and vault maps discovered:
D:1:      beargit_arrival_greenhouse, layout_basic,
          dreamdust_ecumenical_altar_sealed_demon, serial_shops,
          nicolae_shop_waterfront, minmay_fountain_box
D:2:      layout_basic, serial_shops, shop, minmay_rat_gold_closets

Skill      XL: |  1  2 |
---------------+-------+-----
Stealth        | 3 |  3.0
Dodging        | |  2.1
Spellcasting   | |  2.2
Conjurations   | |  1.1
Fire Magic     | |  3.7

Action                   || total
-------------------------++-------
Melee: Unarmed           ||     6
       Constrict         ||     2
       Short sword       ||     6
       Tentacles         ||     2
 Cast: Foxfire           ||    40
  Use: Potion            ||     2
Dodge: Dodged            ||    15

Table legend: (Time is in decaauts)
 A = Elapsed time spent in this place.
 B = Non-inter-level travel time spent in this place.
 C = Inter-level travel time spent in this place.
 D = Time resting spent in this place.
 E = Time spent auto-exploring this place.
 F = Levels seen in this place.
 G = Mean time per level.
                   A        B        C        D        E       F      G
               +--------+--------+--------+--------+--------+-----+--------+
         Total |   1155 |   1155 |      0 |      0 |    902 |   2 |  577.5 |
       Dungeon |   1155 |   1155 |      0 |      0 |    902 |   2 |  577.5 |
               +--------+--------+--------+--------+--------+-----+--------+

Top non-repeatable levels by time:
     D:1: 729 daAuts
     D:2: 426 daAuts
